Map: Blackrock LE

Players

Krystianer - Winner!

  • Race: Protoss Protoss
  • League: Grandmaster
  • Spawn Location: 7:00

HolyHit

  • Race: Protoss Protoss
  • League: Grandmaster
  • Spawn Location: 1:00

Event: HomeStory Cup XXIX

VOD

Have the link to the VOD?

Description

Time

  • Played on: July 3, 2026, 7:17 a.m.
  • Length: 8:33

All games in this series

Show
View Real Time Build Order
Export as new Build Order

Krystianer Protoss - Winner!

Build Orders:  

Get SALT Encoding   

  8  0:00  Probe (Chrono Boost)  
  9  0:12  Probe (Chrono Boost)  
  10  0:19  Probe (Chrono Boost)  
  11  0:26  Probe  
  12  0:34  Pylon  
  12  0:38  Probe  
  13  0:52  Probe (Chrono Boost)  
  13  0:55  Gateway  
  15  1:04  Probe (Chrono Boost)  
  15  1:05  Assimilator  
  15  1:13  Probe (Chrono Boost), Assimilator  
  16  1:18  Probe  
  17  1:30  Probe  
  17  1:32  Gateway  
  18  1:42  Probe  
  18  1:44  Cybernetics Core  
  19  1:54  Probe  
  19  1:55  Pylon  
  20  2:06  Probe  
  21  2:19  Probe  
  21  2:21  Stalker  
  21  2:22  Stalker  
  26  2:23  Warp Gate (Chrono Boost)  
  26  2:31  Probe  
  26  2:37  Pylon  
  27  2:50  Stalker  
  29  2:55  Stalker  
  31  3:01  Pylon  
  31  3:12  Robotics Facility  
  30  3:17  Sentry  
  32  3:23  Stalker  
  34  3:31  Shield Battery  
  34  3:55  Pylon  
  34  3:58  Immortal (Chrono Boost)  
  38  4:10  Adept x2  
  38  4:14  Phoenix  
  42  4:27  Immortal (Chrono Boost)  
  42  4:39  Pylon  
  42  4:43  Sentry  
  44  4:47  Immortal  
  44  4:48  Probe  
  45  4:58  Warp Prism  
  47  5:00  Probe  
  47  5:02  Sentry  
  50  5:12  Probe  
  51  5:26  Pylon  
  51  5:32  Probe  
  52  5:41  Immortal (Chrono Boost)  
  52  5:47  Probe  
  52  5:49  Adept x2  
  61  6:01  Probe  
  60  6:04  Pylon  
  60  6:19  Probe, Twilight Council  
  60  6:22  Immortal  
  66  6:44  Stalker x2, Pylon  
  69  6:58  Dark Shrine  
  69  7:05  Probe  
  66  7:18  Adept x2  
  66  7:22  Gateway  
  70  7:29  Pylon  
  70  7:30  Pylon  
  70  7:47  Nexus  
  70  8:10  Dark Templar x2  
  70  8:12  Probe  
  75  8:21  Pylon  
Show
View Real Time Build Order
Export as new Build Order

HolyHit Protoss 

Build Orders: Blink Stalkers 

Get SALT Encoding   

  8  0:00  Probe (Chrono Boost)  
  9  0:12  Probe (Chrono Boost)  
  10  0:19  Probe (Chrono Boost)  
  11  0:26  Probe  
  12  0:33  Pylon  
  12  0:39  Probe  
  13  0:51  Probe  
  13  0:56  Gateway  
  14  1:03  Probe (Chrono Boost)  
  15  1:05  Assimilator  
  15  1:13  Probe (Chrono Boost)  
  15  1:15  Assimilator  
  16  1:18  Probe (Chrono Boost)  
  17  1:30  Probe  
  18  1:34  Gateway  
  18  1:42  Probe  
  18  1:46  Cybernetics Core  
  19  1:54  Probe  
  20  2:04  Pylon  
  20  2:06  Probe  
  21  2:22  Probe  
  22  2:23  Twilight Council  
  22  2:26  Warp Gate  
  22  2:34  Probe  
  22  2:35  Stalker  
  25  2:45  Stalker  
  25  2:48  Pylon  
  26  3:06  Blink (Chrono Boost)  
  26  3:19  Gateway  
  26  3:21  Gateway  
  26  3:24  Stalker  
  28  3:32  Stalker  
  30  3:39  Pylon  
  30  3:42  Probe  
  31  3:52  Stalker  
  35  4:09  Pylon  
  35  4:10  Stalker  
  35  4:20  Stalker  
  31  4:34  Stalker  
  31  4:35  Probe  
  34  4:47  Probe  
  35  4:55  Stalker  
  37  5:05  Stalker  
  39  5:17  Stalker  
  39  5:20  Probe  
  42  5:32  Probe  
  42  5:34  Stalker  
  43  5:45  Probe  
  44  5:53  Stalker  
  46  5:57  Probe  
  46  6:01  Stalker  
  49  6:14  Shield Battery  
  49  6:18  Stalker  
  45  6:27  Stalker  
  45  6:28  Probe  
  46  6:41  Stalker  
  46  6:42  Stalker  
  46  6:46  Charge (Chrono Boost)  
  50  7:00  Stalker  
  52  7:07  Pylon  
  52  7:35  Stalker  
  54  7:40  Nexus  
  54  7:44  Stalker  
  54  7:49  Probe  
  57  7:59  Stalker  
  57  8:01  Probe  
  60  8:13  Probe  
  60  8:19  Templar Archives  
Tags
 
Add a new tag
Caveats
  • Supply blocks, unpowered buildings, or Contaminate may cause inaccurate times.
  • Supply counts are checked every 10 seconds.